 Dungeon Sprint DCSS version 0.29-a0-418-gc0181ea820 (webtiles) character file.

Game seed: 4924686716382943676

8700000 Zeld the Intangible (level 27, -95/228 HPs)
             Began as a Djinni Monk on May 17, 2022.
             Was the Champion of Makhleb.
             Annihilated by a sculptor of flesh
             ... wielding a +9 great sword
              (101 damage)
             ... in the Dungeon (Sprint VIII: "Arena of Blood").
             The game lasted 00:02:32 (87 turns).

Zeld the Intangible (Djinni Monk)                     Turns: 87, Time: 00:02:33

Health: -95/228    AC:  4    Str: 20    XL:     27
Gold:   0          EV: 29    Int: 15    God:    Makhleb [******] SH:  0 Dex: 17

rFire   + + .      SeeInvis .   h - +∞ Axe of Woe
rCold   x . .      Faith    .   (shield currently unavailable)
rNeg    . . .      Spirit   .   a - +0 robe
rPois   ∞          Reflect  .   (no helmet)
rElec   .          Harm     .   (no cloak)
rCorr   .          Rampage  .   (no gloves)
Will    ++...      NoTele   +   (boots unavailable)
Stlth   ++++++++++              (no amulet)
HPRegen 0.48/turn               (no ring)
MPRegen 0.00/turn               (no ring)

@: flying, slowed, very slow
A: sickness immunity, fire resistance 2, cold vulnerability 1, float, innate
caster, HP casting, extra vitality 1
a: Renounce Religion, Minor Destruction, Lesser Servant of Makhleb, Major
Destruction, Greater Servant of Makhleb


You were in the Dungeon.
You worshipped Makhleb.
Makhleb was exalted by your worship.
You visited 1 branch

Inventory:

Hand Weapons
 h - the +∞ Axe of Woe (weapon)
   (You found it in the Dungeon)
Armour
 a - a +0 robe (worn)
Scrolls
 g - a scroll of blinking
Potions
 b - a potion of ambrosia
 c - a potion of curing
 e - a potion of haste
 f - a potion of berserk rage


   Skills:
 O Level 27 Fighting
 O Level 27 Short Blades
 O Level 27 Long Blades
 O Level 27 Axes
 O Level 27 Maces & Flails
 O Level 27 Polearms
 O Level 27 Staves
 O Level 27 Slings
 O Level 27 Bows
 O Level 27 Crossbows
 O Level 27 Throwing
 O Level 27 Armour
 O Level 27 Dodging
 O Level 27 Stealth
 O Level 27 Shields
 O Level 27 Unarmed Combat
 O Level 27 Spellcasting
 O Level 27 Invocations
 O Level 27 Evocations


You had 10 spell levels left.
You knew the following spells:

 Your Spells              Type           Power      Damage    Failure   Level
a - Beastly Appendage     Tmut           100%       N/A       0%          1
b - Static Discharge      Conj/Air       79%        N/A       0%          2
c - Gell's Gravitas       Tloc           79%        N/A       0%          3
d - Flame Wave            Conj/Fire      79%        2d14      0%          4
e - Animate Armour        Summ/Erth      100%       N/A       0%          4
f - Yara's Violent Unrav  Hex/Tmut       39%        3d16      0%          5
g - Dispersal             Tloc           39%        N/A       0%          6
h - Dragon Form           Tmut           39%        N/A       1%          7
i - Eringya's Noxious Bo  Tmut/Pois      39%        N/A       0%          6
j - Summon Hydra          Summ           39%        N/A       1%          7
k - Infestation           Necr           39%        N/A       1%          8
l - Lehudib's Crystal Sp  Conj/Erth      39%        10d10     1%          8
m - Shatter               Erth           39%        3d31*     2%          9
Your spell library was empty.

Dungeon Overview and Level Annotations

Branches:
Dungeon (1/1)

Altars:
Makhleb


Innate Abilities, Weirdness & Mutations

You are immune to sickness and miasma.
You are immune to poison.
Your flesh is very heat resistant. (rF++)
You are vulnerable to cold. (rC-)
You float through the air rather than walking.
You learn spells naturally, not from books.
Your magical power is your life essence.
You have superior vitality. (+4 MHP)


Message History

Something smites you!
* * * LOW HITPOINT WARNING * * *
The dread calls on the powers of darkness!
The bag of meat convulses! x2; Your body is wracked with pain!
* * * LOW HITPOINT WARNING * * *
The meat berserker convulses!
The bag of meat convulses!
The eight-headed meat hydra convulses!
A bag of meat comes into view. It is wielding a +9 war axe.
You hear a shout!
Unknown command.
Unknown command.
Unknown command.
Unknown command.
You feel much better.
The tyrant appears out of thin air!
A tyrant comes into view.
You hear a shout! x5
The eight-headed meat hydra calls on the powers of darkness!
The eight-headed meat hydra convulses!
The bag of meat convulses! x2
Your body is wracked with pain!
* * * LOW HITPOINT WARNING * * *
The bag of meat convulses! x2
You hear a shout!
The tyrant gestures wildly while chanting.
The bag of meat hits your death scarab with a +9 war axe!
The dread hits your death scarab but does no damage.
The accursed casts a spell at you. Something smites you!
* * * LOW HITPOINT WARNING * * *
Your death scarab bites the dread!!
You hear a shout!
The eight-headed meat hydra calls on the powers of darkness!
The eight-headed meat hydra convulses!
The bag of meat convulses! x2
Your body is wracked with pain!
* * * LOW HITPOINT WARNING * * *
The bag of meat convulses!
Something is bathed in an unholy light!
The bag of meat convulses!
You hear a shout! x2
A sculptor of flesh comes into view. It is wielding a +9 great sword.
The sculptor of flesh hits you with a +9 great sword!!!!
You die...

.. .. ..o.. z.
#... .# . #.M.
..# M..###...
.o###.
....O...###......
#oo...oWo_)......
.O....#)Bz).#....
..... #_W@)_# .
.....§#M)X).#..
#.....)))_.o.XX.
......))###XoLD..
...###... X.###.
.. #....


XX# #...WM.L# .....2... ......W.. You could see 2 accurseds, 2 tentacled
monstrosities, 2 tyrants, an eight-headed meat hydra, 2 sculptors of flesh, 5
large abominations, 2 dreads, a meat berserker (berserk, distracted), 5 bags of
meat and a friendly death scarab.

Vanquished Creatures
  6 hell beasts (D)
  4 royal mummies (D)
  3 wraiths (D)
  7 vampire knights (D)
  28 ogres (D)
  4 two-headed ogres (D)
  2 hydras (D)
  57 orcs (D)
  7 skeletal warriors (D)
118 creatures vanquished.

Notes
Turn   | Place    | Note
-------+----------+-------------------------------------------
     0 | D        | Found the +∞ Axe of Woe
     0 | D        | Zeld the Djinni Monk began the quest for the Orb.
     0 | D        | Reached XP level 1. HP: 20/20 MP: 0/0
     2 | D        | Noticed a bag of meat
     3 | D        | Noticed a bag of meat
     4 | D        | Became a worshipper of Makhleb the Destroyer
     4 | D        | Reached * piety under Makhleb
     4 | D        | Reached ** piety under Makhleb
     5 | D        | Killed a bag of meat
     5 | D        | Noticed a bag of meat
     6 | D        | Reached skill level 15 in Fighting
     6 | D        | Reached skill level 5 in Stealth
     6 | D        | Reached XP level 2. HP: 43/43 MP: 0/0
     6 | D        | Reached XP level 3. HP: 49/49 MP: 0/0
     6 | D        | Learned a level 1 spell: Beastly Appendage
     6 | D        | Reached XP level 4. HP: 55/55 MP: 0/0
     6 | D        | Reached XP level 5. HP: 60/60 MP: 0/0
     6 | D        | Learned a level 2 spell: Static Discharge
     6 | D        | Reached XP level 6. HP: 67/67 MP: 0/0
     6 | D        | Reached XP level 7. HP: 72/72 MP: 0/0
     6 | D        | Learned a level 3 spell: Gell's Gravitas
     6 | D        | Reached XP level 8. HP: 78/78 MP: 0/0
     6 | D        | Reached XP level 9. HP: 84/84 MP: 0/0
     6 | D        | Learned a level 4 spell: Flame Wave
     6 | D        | Reached XP level 10. HP: 90/90 MP: 0/0
     6 | D        | Reached XP level 11. HP: 95/95 MP: 0/0
     6 | D        | Learned a level 4 spell: Animate Armour
     6 | D        | Noticed a bag of meat
     6 | D        | Noticed a bag of meat
     7 | D        | Killed a bag of meat
     7 | D        | Noticed a bag of meat
     8 | D        | Reached XP level 12. HP: 106/106 MP: 0/0
     8 | D        | Noticed a bag of meat
     8 | D        | Noticed a bag of meat
     9 | D        | Noticed a meat berserker
     9 | D        | Noticed a bag of meat
    10 | D        | Killed a bag of meat
    10 | D        | Noticed a meat berserker
    11 | D        | Reached skill level 5 in Axes
    11 | D        | Reached XP level 13. HP: 113/113 MP: 0/0
    11 | D        | Learned a level 5 spell: Yara's Violent Unravelling
    11 | D        | Noticed a meat berserker
    12 | D        | Killed a bag of meat
    12 | D        | Reached *** piety under Makhleb
    12 | D        | Killed a bag of meat
    13 | D        | Reached XP level 14. HP: 82/124 MP: 0/0
    13 | D        | Killed a meat berserker
    13 | D        | Noticed a meat berserker
    13 | D        | Noticed a bag of meat
    14 | D        | Killed a meat berserker
    14 | D        | Reached **** piety under Makhleb
    14 | D        | Noticed a bag of meat
    14 | D        | Noticed a bag of meat
    14 | D        | Noticed a bag of meat
    15 | D        | Reached skill level 10 in Spellcasting
    15 | D        | Reached XP level 15. HP: 67/135 MP: 0/0
    15 | D        | Learned a level 6 spell: Dispersal
    16 | D        | Killed a meat berserker
    16 | D        | Reached ***** piety under Makhleb
    16 | D        | Killed a meat berserker
    16 | D        | Noticed a meat berserker
    16 | D        | Noticed a meat berserker
    16 | D        | Noticed a meat berserker
    17 | D        | Reached skill level 15 in Axes
    17 | D        | Reached skill level 27 in Dodging
    17 | D        | Reached XP level 16. HP: 124/151 MP: 0/0
    17 | D        | Reached XP level 17. HP: 129/157 MP: 0/0
    17 | D        | Learned a level 7 spell: Dragon Form
    19 | D        | Noticed a large bag of meat
    19 | D        | Noticed a destroyer
    20 | D        | Reached skill level 15 in Spellcasting
    21 | D        | Killed a meat berserker
    21 | D        | Noticed a destroyer
    22 | D        | Reached skill level 27 in Fighting
    22 | D        | Reached XP level 18. HP: 167/167 MP: 0/0
    22 | D        | Killed a meat berserker
    22 | D        | Reached ****** piety under Makhleb
    22 | D        | Noticed a meat berserker
    22 | D        | Noticed a large bag of meat
    23 | D        | Reached skill level 10 in Stealth
    23 | D        | Killed a large bag of meat
    23 | D        | Killed a destroyer
    23 | D        | Noticed a destroyer
    24 | D        | Reached skill level 27 in Unarmed Combat
    24 | D        | Reached XP level 19. HP: 154/174 MP: 0/0
    24 | D        | Learned a level 6 spell: Eringya's Noxious Bog
    24 | D        | Noticed a destroyer
    24 | D        | HP: 5/174 [destroyer/+9 vorpal great sword (10)]
    25 | D        | Killed a destroyer
    25 | D        | Noticed a meat berserker
    26 | D        | Reached skill level 27 in Axes
    26 | D        | Noticed a sculptor of flesh
    28 | D        | Killed a large bag of meat
    28 | D        | Killed a meat berserker
    28 | D        | Noticed a meat berserker
    29 | D        | Reached skill level 27 in Spellcasting
    29 | D        | Reached XP level 20. HP: 138/181 MP: 0/0
    30 | D        | Killed a destroyer
    30 | D        | Killed a meat berserker
    31 | D        | Reached skill level 27 in Stealth
    31 | D        | Reached XP level 21. HP: 135/187 MP: 0/0
    31 | D        | Learned a level 7 spell: Summon Hydra
    31 | D        | Killed a meat berserker
    32 | D        | Noticed an eight-headed meat hydra
    34 | D        | Reached XP level 22. HP: 190/194 MP: 0/0
    35 | D        | Killed a meat berserker
    37 | D        | Reached skill level 10 in Armour
    37 | D        | Reached skill level 10 in Shields
    37 | D        | Reached skill level 10 in Invocations
    37 | D        | Reached skill level 10 in Evocations
    39 | D        | Reached skill level 10 in Short Blades
    39 | D        | Reached skill level 10 in Long Blades
    39 | D        | Reached skill level 10 in Staves
    39 | D        | Noticed a large bag of meat
    40 | D        | Killed a destroyer
    41 | D        | Reached skill level 10 in Maces & Flails
    41 | D        | Reached skill level 10 in Polearms
    41 | D        | Reached skill level 10 in Slings
    41 | D        | Reached skill level 10 in Bows
    41 | D        | Reached skill level 10 in Crossbows
    41 | D        | Reached skill level 10 in Throwing
    41 | D        | Noticed a meat berserker
    42 | D        | Reached XP level 23. HP: 141/201 MP: 0/0
    42 | D        | Learned a level 8 spell: Infestation
    47 | D        | Killed a large bag of meat
    55 | D        | Noticed a large bag of meat
    57 | D        | Reached XP level 24. HP: 165/208 MP: 0/0
    58 | D        | Reached skill level 15 in Armour
    58 | D        | Reached skill level 15 in Shields
    58 | D        | Reached skill level 15 in Invocations
    58 | D        | Reached skill level 15 in Evocations
    58 | D        | Noticed a destroyer
    59 | D        | Reached skill level 15 in Short Blades
    59 | D        | Reached skill level 15 in Long Blades
    59 | D        | Reached skill level 15 in Staves
    60 | D        | Noticed a destroyer
    60 | D        | Noticed a meat beast
    62 | D        | Reached skill level 15 in Maces & Flails
    62 | D        | Reached skill level 15 in Polearms
    62 | D        | Reached skill level 15 in Slings
    62 | D        | Reached skill level 15 in Bows
    62 | D        | Reached skill level 15 in Crossbows
    62 | D        | Reached skill level 15 in Throwing
    62 | D        | Noticed a dread
    62 | D        | Noticed a meat beast
    63 | D        | Killed a large bag of meat
    63 | D        | Killed a meat beast
    64 | D        | Reached XP level 25. HP: 180/214 MP: 0/0
    64 | D        | Learned a level 8 spell: Lehudib's Crystal Spear
    64 | D        | Noticed a destroyer
    64 | D        | Noticed an accursed
    64 | D        | Noticed an accursed
    65 | D        | Noticed a dread
    65 | D        | Noticed an accursed
    66 | D        | Killed a destroyer
    66 | D        | Noticed an accursed
    66 | D        | Noticed an accursed
    67 | D        | Reached XP level 26. HP: 221/221 MP: 0/0
    67 | D        | Killed a destroyer
    68 | D        | Noticed a meat beast
    70 | D        | Reached XP level 27. HP: 217/228 MP: 0/0
    70 | D        | Learned a level 9 spell: Shatter
    70 | D        | Noticed a meat beast
    71 | D        | Killed a meat beast
    72 | D        | Killed a destroyer
    73 | D        | Killed a meat beast
    73 | D        | Killed an accursed
    74 | D        | Noticed a dread
    75 | D        | Noticed a meat beast
    75 | D        | Killed an accursed
    76 | D        | Killed a meat beast
    77 | D        | Reached skill level 27 in Armour
    77 | D        | Reached skill level 27 in Shields
    77 | D        | Reached skill level 27 in Invocations
    77 | D        | Reached skill level 27 in Evocations
    77 | D        | Killed an accursed
    77 | D        | Noticed a dread
    78 | D        | Reached skill level 27 in Short Blades
    78 | D        | Reached skill level 27 in Long Blades
    78 | D        | Reached skill level 27 in Staves
    79 | D        | Killed a dread
    79 | D        | Killed a dread
    79 | D        | Killed a meat beast
    79 | D        | Noticed a dread
    80 | D        | Reached skill level 27 in Maces & Flails
    80 | D        | Reached skill level 27 in Polearms
    80 | D        | Reached skill level 27 in Slings
    80 | D        | Reached skill level 27 in Bows
    80 | D        | Reached skill level 27 in Crossbows
    80 | D        | Reached skill level 27 in Throwing
    80 | D        | Noticed a meat beast
    80 | D        | Noticed a tyrant
    80 | D        | Noticed an accursed
    82 | D        | Killed a meat beast
    83 | D        | Killed an accursed
    83 | D        | Noticed a tyrant
    85 | D        | Killed a dread
    87 | D        | HP: 10/228 [accursed/divine providence (15)]
    87 | D        | Annihilated by a sculptor of flesh

Illustrated notes

Levels and vault maps discovered:
D:        meatsprint

Skill      XL: |  1  2  3  4  5  6  7  8  9 10 11 12 13 14 15 16 17 18 19 20 21 22 23 24 25 26 27 |
---------------+----------------------------------------------------------------------------------+-----
Fighting       | 15 17 18 19 22 25 27 | 27.0
Axes           | 2 4 5 6 9 15 19 25 27 | 27.0
Dodging        | 16 18 20 21 24 27 | 27.0
Stealth        | 5 6 7 9 10 20 27 | 27.0
Unarmed Combat | 14 16 17 19 21 23 25 27 | 27.0
Spellcasting   | 4 7 10 14 17 21 27 | 27.0
Short Blades   | 7 11 14 18 20 21 27 | 27.0
Long Blades    | 7 11 14 18 20 21 27 | 27.0
Maces & Flails | 6 10 13 17 18 20 27 | 27.0
Polearms       | 6 10 13 17 18 20 27 | 27.0
Staves         | 7 11 14 18 20 21 27 | 27.0
Slings         | 6 10 13 17 18 20 27 | 27.0
Bows           | 6 10 13 17 18 20 27 | 27.0
Crossbows      | 6 10 13 17 18 20 27 | 27.0
Throwing       | 6 10 13 17 18 20 27 | 27.0
Armour         | 7 11 14 19 20 22 27 | 27.0
Shields        | 7 11 14 19 20 22 27 | 27.0
Invocations    | 7 11 14 19 20 22 27 | 27.0
Evocations     | 7 11 14 19 20 22 27 | 27.0

Action                   |  1- 3 |  4- 6 |  7- 9 | 10-12 | 13-15 | 16-18 | 19-21 | 22-24 | 25-27 || total
-------------------------+-------+-------+-------+-------+-------+-------+-------+-------+-------++-------
Melee: Executioner's axe |     1 |       |       |     2 |     5 |     5 |     5 |    23 |    18 ||    59
 Cast: Animate Armour    |       |       |       |       |       |     1 |       |       |       ||     1
       Lehudib's Crystal |       |       |       |       |       |       |       |       |     1 ||     1
       Infestation       |       |       |       |       |       |       |       |       |     1 ||     1
  Use: Potion            |       |       |       |       |       |       |       |       |     1 ||     1
Armor: Robe              |       |       |       |       |       |       |       |     1 |       ||     1
Dodge: Dodged            |     2 |       |       |       |       |       |     1 |     5 |     3 ||    11

Table legend: (Time is in decaauts)
 A = Elapsed time spent in this place.
 B = Non-inter-level travel time spent in this place.
 C = Inter-level travel time spent in this place.
 D = Time resting spent in this place.
 E = Time spent auto-exploring this place.
 F = Levels seen in this place.
 G = Mean time per level.
                   A        B        C        D        E       F      G
               +--------+--------+--------+--------+--------+-----+--------+
         Total |     78 |     78 |      0 |      0 |      0 |   1 |   78.0 |
       Dungeon |     78 |     78 |      0 |      0 |      0 |   1 |   78.0 |
               +--------+--------+--------+--------+--------+-----+--------+

Top non-repeatable levels by time:
       D: 78 daAuts
